 Dungeon Crawl Stone Soup version 0.24.1-14-gf8d2b509d9 (webtiles) character file.

Game seed: 14252290406740528301, levelgen mode: deterministic

49 Hugehornet the Sneak (level 3, -2/24 HPs)
             Began as an Octopode Enchanter on May 20, 2020.
             Slain by a worm (10 damage)
             ... on level 2 of the Dungeon.
             The game lasted 00:03:50 (1738 turns).

Hugehornet the Sneak (Octopode Enchanter)           Turns: 1738, Time: 00:03:51

Health: -2/24      AC:  1    Str:  7    XL:     3   Next: 75%
Magic:  6/6        EV: 12    Int: 18    God:
Gold:   99         SH:  0    Dex: 12    Spells: 3/6 levels left

rFire    + . .     SeeInvis .   a - +1 dagger
rCold    . . .     Gourm    .   (no shield)
rNeg     . . .     Faith    .   (helmet restricted)
rPois    .         Spirit   .   (no amulet)
rElec    .         Reflect  .   d - ring of protection from fire
rCorr    .         Harm     .   (no ring)
MR       .....                  (no ring)
Stlth    +++.......             (no ring)
HPRegen  0.08/turn              (no ring)
MPRegen  0.10/turn              (no ring)
                                (no ring)
                                (no ring)

@: heavily drained
A: almost no armour, stealthy swim, amphibious, 8 rings, constrict 8, camouflage
1, gelatinous body 1
a: no special abilities


You were on level 2 of the Dungeon.
You were hungry.

You visited 1 branch of the dungeon, and saw 2 of its levels.

You collected 99 gold pieces.

Inventory:

Hand Weapons
 a - a +1 dagger (weapon)
Jewellery
 d - a ring of protection from fire (left tentacle)
 k - an uncursed amulet of harm
Scrolls
 b - a scroll of fear {unknown}
 f - a scroll of enchant weapon {unknown}
 g - a scroll of identify {unknown}
 i - a scroll of blinking {unknown}
 l - 2 scrolls of teleportation {unknown}
 m - a scroll of amnesia {unknown}
 o - a scroll of remove curse {unknown}
Potions
 e - a potion of agility {unknown}
 h - a potion of heal wounds {unknown}
 j - a potion of berserk rage {unknown}
 n - a potion of mutation {unknown}
Comestibles
 c - 3 rations


   Skills:
 - Level 2.0(0.7) Fighting
 - Level 2.0(0.7) Short Blades
 - Level 2.0(0.7) Dodging
 - Level 4.0(2.6) Stealth
 - Level 2.0(0.7) Spellcasting
 - Level 3.0(1.6) Hexes
 + Level 1.5(0.2) Ice Magic


You had 3 spell levels left.
You knew the following spells:

 Your Spells              Type           Power        Failure   Level  Hunger
a - Ensorcelled Hibernat  Hex/Ice        #.....       22%         2    ###....
b - Corona                Hex            #......      11%         1    ##.....

Your spell library contained the following spells:

 Spells                   Type           Power        Failure   Level  Hunger
 Confuse                  Hex            #.......     30%         3    ####...
 Tukima's Dance           Hex            #.......     30%         3    ####...
 Dazzling Spray           Conj/Hex       #.....       41%         3    ####...


Dungeon Overview and Level Annotations

Branches:
Dungeon (2/15)

Altars:
Makhleb
Okawaru

Annotations:
D:2 Sigmund


Innate Abilities, Weirdness & Mutations

You cannot wear most types of armour.
You are very stealthy in the water. (Stealth+)
You are amphibious.
You can wear up to eight rings at the same time.
You can use your tentacles to constrict eight enemies at once.
Your skin changes colour to match your surroundings (Stealth+).
Your rubbery body absorbs attacks. (AC +1, EV +1)


Message History

You hit the worm.
The worm is lightly wounded.
You constrict the worm. The worm bites you!
* * * LOW HITPOINT WARNING * * *
You hit the worm. You squeeze the worm, but do no damage.
The worm is moderately wounded.
You constrict the worm. You hit the worm but do no damage.
The worm is moderately wounded.
You constrict the worm. The worm closely misses you.
You hit the worm but do no damage.
The worm is moderately wounded.
You constrict the worm. You hit the worm.
The worm is heavily wounded.
You constrict the worm. The worm closely misses you.
You hit the worm.
The worm is severely wounded.
You constrict the worm. The worm bites you!
You die...

############ #.).....)..#
#.......##.##
#...w@.##...##
#..)).##.....##
#.....#.......###
#........._.....#
........)#.......#.######
.........##.....##.......
..###.##..##...##########
. #. ....##.## ##
.......#


You could see a worm.

Vanquished Creatures
  An adder (D:2)
  A dart slug (D:1)
  2 leopard geckos (D:2)
  A giant cockroach (D:2)
  5 goblins
  6 hobgoblins
  2 ball pythons (D:1)
  6 bats
  3 frilled lizards
  3 kobolds
  8 rats
38 creatures vanquished.

Notes
Turn   | Place    | Note
-------+----------+-------------------------------------------
     0 | D:1      | Hugehornet the Octopode Enchanter began the quest for the
                  | Orb.
     0 | D:1      | Reached XP level 1. HP: 11/11 MP: 3/3
    44 | D:1      | Reached skill level 1 in Fighting
   106 | D:1      | Reached XP level 2. HP: 11/18 MP: 5/5
   773 | D:1      | Learned a level 2 spell: Ensorcelled Hibernation
  1102 | D:2      | Reached XP level 3. HP: 22/24 MP: 6/6
  1247 | D:2      | Reached skill level 1 in Ice Magic
  1451 | D:2      | Noticed Sigmund
  1536 | D:2      | Found a burning altar of Makhleb.
  1559 | D:2      | Found an iron altar of Okawaru.
  1738 | D:2      | Slain by a worm

Levels and vault maps discovered:
D:1:      ncdulo_halloftheorcs, layout_loops_ring
D:2:      layout_basic, nicolae_overflow_hidden_temple, lemuel_round_altar,
          uniq_sigmund

Skill      XL: |  1  2  3 |
---------------+----------+-----
Fighting       | 1 2 |  2.0
Short Blades   | 2 |  2.0
Ice Magic      | 1 |  1.5
Dodging        | |  2.0
Stealth        | |  4.0
Spellcasting   | |  2.0
Hexes          | |  3.0

Action                   || total
-------------------------++-------
Melee: Dagger            ||    96
       Constrict         ||    25
       Tentacles         ||    10
 Cast: Ensorcelled Hiber ||     1
 Stab: Sleeping          ||    10
  Eat: Chunk             ||     2
Armor: Skin              ||     8
Dodge: Dodged            ||    57
